 Dungeon Crawl Stone Soup version 0.19-a0-872-g3103843 (webtiles) character file.

133 rageheart7 the Cudgeler (level 5, -1/33 HPs)
             Began as a Gargoyle Fighter on July 3, 2016.
             Killed by divine providence
             ... invoked by an orc priest
              (11 damage)
             ... on level 3 of the Dungeon.
             The game lasted 00:04:50 (2274 turns).

rageheart7 the Cudgeler (Gargoyle Fighter)          Turns: 2274, Time: 00:04:51

Health: -1/33      AC: 14    Str: 20    XL:     5   Next: 16%
Magic:  5/5        EV:  7    Int:  9    God:
Gold:   165        SH:  9    Dex:  9    Spells: 0 memorised, 4 levels left

rFire  . . .     SeeInvis .     o - +4 whip (freeze)
rCold  . . .     Gourm    .     b - +0 scale mail
rNeg   + . .     Faith    .     c - +0 shield
rPois  ∞         Spirit   .     p - +0 helmet
rElec  +         Dismiss  .     (no cloak)
rCorr  .         Reflect  .     j - +1 pair of gloves
SustAt .         Harm     .     (no boots)
MR     .....     Rnd*Rage +     (no amulet)
Stlth  ..........               (no ring)
                                (no ring)

@: not resistant to hostile enchantments, extremely unstealthy
A: talons 1, berserk 1, negative energy resistance 1, electricity resistance,
wild magic 1, unbreathing, petrification resistance, rot immunity, AC +4
a: no special abilities


You were on level 3 of the Dungeon.
You were not hungry.

You visited 1 branch of the dungeon, and saw 3 of its levels.

You collected 165 gold pieces.

Inventory:

Hand Weapons
 a - a +0 flail
 o - a +4 whip of freezing (weapon)
Armour
 b - a +0 scale mail (worn)
 c - a +0 shield (worn)
 j - a +1 pair of gloves (worn)
 p - a +0 helmet (worn)
Wands
 d - a wand of polymorph (16/24)
Scrolls
 e - a scroll of fog
 i - 2 scrolls of identify
Potions
 k - a potion of resistance
 l - 3 potions of flight
 s - a potion of brilliance
Comestibles
 f - 2 bread rations
 g - 2 chunks of flesh
 h - a meat ration


   Skills:
 + Level 4.1 Fighting
 * Level 4.4 Maces & Flails
 - Level 3.2 Armour
 - Level 0.8 Dodging
 - Level 3.2 Shields


You had 4 spell levels left.
You didn't know any spells.

Dungeon Overview and Level Annotations

Branches:
Dungeon (3/15)

Altars:
Qazlal


Innate Abilities, Weirdness & Mutations

You are resistant to torment.
Your stone body is resilient. (AC +4)
You are immune to poison.
You resist negative energy. (rN+)
You are resistant to electric shocks. (rElec)
You can survive without breathing.
You are immune to petrification.
You are immune to rotting.
You have sharp toenails.
You tend to lose your temper in combat.
Your spells are a little harder to cast, but a little more powerful.


Message History

a short sword; an orc corpse Your scale mail prevents you from hitting the orc.
Your kick misses the orc. The orc hits you but does no damage.
You completely miss the orc. Your kick misses the orc. You hit the orc.
You freeze the orc. You claw the orc, but do no damage.
The orc is heavily wounded.
The orc hits you but does no damage.
You hit the orc. You freeze the orc.
You kill the orc!
The orc priest mumbles some strange prayers to Beogh against you.
Beogh smites you!
You hit the orc wizard. You freeze the orc wizard.
Your kick misses the orc wizard.
The orc wizard is heavily wounded.
You hit the orc wizard. You freeze the orc wizard.
Your kick misses the orc wizard.
The orc wizard is severely wounded.
The orc priest calls down the wrath of Beogh upon you.
Beogh smites you!
You die...

#....)....#.##.#.#
#.........#.##<#.#
#......[..#....#.# .
#.........####.#.# .o
#.........# #.#.# ...
#.........# #.#.# ....
.....>....# #...# ....!
#.........#########......
###........>....@oooo.[..
#.###############o.....
#.# ....# #.# #... #.# ..
#.# o #.. ..#


You could see an orc priest, an orc wizard and 3 orcs.

Vanquished Creatures
  An orc priest (D:3)
  Robin (D:2)
  2 adders (D:3)
  A worm (D:3)
  A dart slug (D:1)
  6 orcs (D:3)
  7 bats
  5 giant cockroaches
  11 goblins
  9 hobgoblins
  3 jackals (D:1)
  2 quokkas
  A ball python (D:1)
  A giant newt (D:1)
  4 kobolds
  5 rats
60 creatures vanquished.

Notes
Turn   | Place    | Note
-------+----------+-------------------------------------------
     0 | D:1      | rageheart7 the Gargoyle Fighter began the quest for the Orb.
     0 | D:1      | Reached XP level 1. HP: 14/14 MP: 1/1
   115 | D:1      | Reached XP level 2. HP: 16/19 MP: 2/2
   881 | D:1      | Reached XP level 3. HP: 23/23 MP: 3/3
  1515 | D:2      | Found a stormy altar of Qazlal.
  1633 | D:2      | Noticed Robin
  1656 | D:2      | Killed Robin
  1656 | D:2      | Reached XP level 4. HP: 17/29 MP: 4/4
  1912 | D:2      | Gained mutation: Your spells are a little harder to cast, but a little more powerful. [potion of mutation]
  1912 | D:2      | Gained mutation: You tend to lose your temper in combat. [potion of mutation]
  1912 | D:2      | Gained mutation: You have sharp toenails. [potion of mutation]
  2061 | D:3      | Reached XP level 5. HP: 28/33 MP: 5/5
  2274 | D:3      | Killed from afar by an orc priest

Vault maps used:
D:1:      dpeg_arrival_round_a, kennysheep_crisscross, minmay_tripent
D:2:      grunt_qazlal_clouds, uniq_robin
D:3:      first_bread, uniq_iyjb

Skill      XL: |  1  2  3  4 |
---------------+-------------+-----
Maces & Flails | 3 4 |  4.4
Fighting       | 4 |  4.1
Armour         | |  3.2
Dodging        | |  0.8
Shields        | |  3.2

Action                   |  1- 3 |  4- 6 || total
-------------------------+-------+-------++-------
Melee: Flail             |   175 |       ||   175
       Whip              |       |    40 ||    40
       Kick              |       |     6 ||     6
  Use: Scroll            |    10 |     2 ||    12
       Potion            |     1 |     1 ||     2
  Eat: Chunk             |     3 |     2 ||     5
Armor: Scale mail        |   122 |    13 ||   135
Dodge: Dodged            |    77 |     4 ||    81
Block: Shield            |   122 |     9 ||   131
